Cogmind - Beta 16 @@@ ROGUE MODE // 2026.01.14 @ 19:46:40 Player: Sanae Result: Destroyed by Y-54 Guardian with Flak Gun Performance ------------- Evolutions (3) 1500 Regions Visited (5) 1000 Robots Destroyed (14) 70 Value Destroyed (514) 514 Prototype IDs (2) 40 Alien Tech Used (0) 0 Bonus (0) 0 TOTAL SCORE: 3124 Bonus ------- None Cogmind --------- Core Integrity 0/700 Matter 300/300 Energy 99/100 System Corruption 0% Temperature Cool (12) Movement Core (50) Location -7/Factory Parts ------- > --- POWER (1) -------- (None) > --- PROPULSION (6) --- (None) > --- UTILITY (4) ------ (None) > --- WEAPON (2) ------- (None) > --- INVENTORY (5) ---- Aluminum Leg Aluminum Leg Improved Carbon-fiber Leg Coolant Injector Medium Armor Plating Peak State ------------ > --- POWER ------------ Deuterium Engine > --- PROPULSION ------- Light Treads Medium Treads Cesium-ion Thruster Cesium-ion Thruster > --- UTILITY ---------- Improved Heat Sink Small Storage Unit Core Analyzer Weapon Cycler > --- WEAPON ----------- Shock Rifle Shock Rifle > --- INVENTORY -------- Heavy Ion Engine Deuterium Engine Light Nuclear Core Aluminum Leg Aluminum Leg Improved Carbon-fiber Leg Coolant Injector Medium Armor Plating [Rating: 34] Favorites ----------- Power Deuterium Engine Engine Deuterium Engine Propulsion Cesium-ion Thruster Treads Medium Treads Leg Aluminum Leg Flight Unit Cesium-ion Thruster Utility Small Storage Unit Device Weapon Cycler Storage Small Storage Unit Processor Core Analyzer Protection Medium Armor Plating Weapon Shock Rifle Energy Gun Shock Rifle Ballistic Gun Light Assault Rifle Ballistic Cannon Assault Cannon Build | -11 -10 -9 -9 -8 -7 ------- Run | Yrd Mat Mat Min Mat Fac Slots Evolved 6 | . . 2 . 2 2 Power . | . . . . . . Propulsion 4 | . . 2 . 1 1 Utility 2 | . . . . 1 1 Weapon . | . . . . . . Parts Attached 36 | 6 1 15 . 1 13 Power 3 | 1 . 1 . . 1 Engine 3 | 1 . 1 . . 1 Core . | . . . . . . Reactor . | . . . . . . Propulsion 13 | 2 . 8 . . 3 Treads 2 | . . . . . 2 Leg 6 | 2 . 4 . . . Wheel . | . . . . . . Hover . | . . . . . . Flight 5 | . . 4 . . 1 Utility 11 | 1 1 2 . 1 6 Device 4 | . 1 . . 1 2 Storage 1 | 1 . . . . . Processor 1 | . . . . . 1 Hackware . | . . . . . . Protection 5 | . . 2 . . 3 Artifact . | . . . . . . Weapon 9 | 2 . 4 . . 3 Energy Gun 5 | . . 2 . . 3 Energy Cannon . | . . . . . . Ballistic Gun 2 | 2 . . . . . Ballistic Cannon 2 | . . 2 . . . Launcher . | . . . . . . Special Weapon . | . . . . . . Impact Weapon . | . . . . . . Slashing Weapon . | . . . . . . Piercing Weapon . | . . . . . . Special Melee Weapon . | . . . . . . Unidentified Prototypes 1 | . . . . . 1 Parts Lost 11 | . . 5 . . 6 Power 1 | . . . . . 1 Propulsion 5 | . . 4 . . 1 Utility 2 | . . 1 . . 1 Weapon 3 | . . . . . 3 Highest Loss Streak 4 | . . 4 . . 4 To Critical Strikes . | . . . . . . Average Backups 6 | 3 5 7 8 8 6 Power 2 | . 1 2 3 3 1 Propulsion 1 | 1 2 . . . 2 Utility 1 | . . 2 3 2 1 Weapon . | . 1 1 2 2 . Tool/Special . | . . . . . . Unused Backups 15 | . . 7 . 2 6 Power 8 | . . 5 . 1 2 Propulsion 5 | . . 2 . . 3 Utility 1 | . . . . . 1 Weapon 1 | . . . . 1 . Tool/Special . | . . . . . . Average Slot Usage (%) 69 | . 97 87 88 72 51 Engine 8 | . 14 11 11 9 4 Treads 3 | . . . . . 7 Leg 9 | . 28 23 . . . Flight 13 | . . 11 44 36 12 Device 5 | . 11 1 . . 7 Storage 8 | . 14 11 11 9 4 Protection 3 | . . 6 . . 2 Energy Gun 6 | . . 2 11 9 8 Ballistic Gun 7 | . 28 15 . . . Ballistic Cannon 2 | . . 4 11 9 . Peak Build Rating 34 | 6 7 25 21 23 34 Average Rating 16 | 4 6 12 21 21 21 On Entrance 12 | . 6 7 21 21 22 Avg Prop Armor Cover (%) 3 | . . . . . 3 Naked Turns 100 | . . . . . 100 Heaviest Build 31 | 13 14 31 20 20 29 Greatest Support 48 | 20 20 40 20 20 48 Greatest Overweight (x) 6 | . . 6 . . . Average Overweight (x) . | . . . . . . Largest Inventory Capacity 8 | 8 8 8 8 8 8 Average Capacity 7 | 6 8 8 8 8 6 Most Carried 8 | 5 7 8 8 8 8 Average Carried 6 | 3 4 7 8 7 6 Final Capacity 8 | 8 8 8 8 8 5 Final Carried 8 | 4 7 8 8 8 5 Class Distribution -------------------- 79% | Mutant 20% | Sprinter Dominant Class ---------------- Mutant | -10/Materials Mutant | -9/Materials Sprinter | -9/Mines Sprinter | -8/Materials Mutant | -7/Factory Resources | -11 -10 -9 -9 -8 -7 ----------- Run | Yrd Mat Mat Min Mat Fac Matter Collected 715 | 187 35 183 37 43 230 Remotely . | . . . . . . Salvage Created 570 | . 35 183 24 40 288 Parts 36 | . 4 9 5 3 15 Haulers Intercepted . | . . . . . . Recyclers Shooed . | . . . . . . Parts Field Recycled . | . . . . . . Retrieved Matter . | . . . . . . Parts Self-Destructed . | . . . . . . Prevented . | . . . . . . Parts Restored . | . . . . . . Kills | -11 -10 -9 -9 -8 -7 ------- Run | Yrd Mat Mat Min Mat Fac Combat Hostiles Destroyed 14 | . 1 4 3 1 5 Guns 7 | . 1 4 . . 2 Cannons 4 | . . . 3 1 . AOE 2 | . . . . . 2 Classes Destroyed 4 | . 1 2 1 . . Swarmer 3 | . . . 3 . . Grunt 7 | . 1 2 . . 4 Duelist 1 | . . 1 . . . Sentry 3 | . . 1 . 1 1 Best Kill Streak 4 | . 1 2 3 1 4 Combat Bots Only 4 | . 1 2 3 1 4 Max Kills in Single Turn 2 | . 1 1 1 1 2 Gunslinging . | . . . . . . Exploded 2 | . . . . . 2 Melee . | . . . . . . Uniques/NPCs Destroyed . | . . . . . . Combat | -11 -10 -9 -9 -8 -7 -------- Run | Yrd Mat Mat Min Mat Fac Hostile Shots Fired 386 | . 6 63 27 6 284 Missed 157 | . 2 12 13 2 128 Hits 229 | . 4 51 14 4 156 Melee 14 | . . 14 . . . Projectile 215 | . 4 37 14 4 156 Critical Strikes 4 | . . 1 1 . 2 Damage Taken 2748 | . 46 928 112 62 1600 Core 859 | . . 133 8 15 703 Absorbed by Shields . | . . . . . . Core Remaining (%) 90 | 100 100 . 64 97 . Volleys Fired 60 | . 5 30 8 6 11 Largest 2 | . 2 2 2 2 2 Hottest 100 | . 40 40 77 77 100 Shots Fired 118 | . 10 60 16 12 20 Gun 104 | . 10 60 8 6 20 Cannon 14 | . . . 8 6 . Launcher . | . . . . . . Special . | . . . . . . Kinetic 84 | . 10 60 8 6 . Thermal 14 | . . . 8 6 . Explosive . | . . . . . . Electromagnetic 20 | . . . . . 20 Robot Hit Streak 9 | . 4 9 3 2 5 Robot Miss Streak 3 | . 1 3 3 1 1 Penetration Max . | . . . . . . Secondary Targets 2 | . . 1 . . 1 Max Gunslinging Chain 1 | . . 1 . . 1 Shots Hit Robots 78 | . 5 46 7 4 16 Core Hits 31 | . 2 13 3 1 12 Critical Kills . | . . . . . . Critical Parts Destroyed . | . . . . . . Critical Strikes 1 | . . . 1 . . Blast 1 | . . . 1 . . Melee Attacks . | . . . . . . Impact . | . . . . . . Slashing . | . . . . . . Piercing . | . . . . . . Sneak Attacks . | . . . . . . Combat Hostiles . | . . . . . . Follow-up Attacks . | . . . . . . Damage Inflicted 1272 | . 59 519 139 68 487 Guns 892 | . 59 519 20 21 273 Cannons 166 | . . . 119 47 . Explosions 206 | . . . . . 206 Melee . | . . . . . . Ramming 8 | . . . . . 8 Kinetic 744 | . 59 519 119 47 . Thermal 247 | . . . 20 21 206 Explosive . | . . . . . . Electromagnetic 273 | . . . . . 273 Impact . | . . . . . . Slashing . | . . . . . . Piercing . | . . . . . . Highest Corruption . | . . . . . . Average Corruption . | . . . . . . Corruption Purged . | . . . . . . Corruption Blocked . | . . . . . . Overload Shots . | . . . . . . Overflow Damage 6 | . . . 6 . . Projectiles 6 | . . . 6 . . Explosions . | . . . . . . Melee . | . . . . . . Knockbacks 2 | . . . 2 . . Impact . | . . . . . . Kinetic 2 | . . . 2 . . Secondary . | . . . . . . Self-Inflicted Damage 63 | . . . . . 63 Shots 2 | . . . . . 2 Rammed 4 | . . . . . 4 Targets Rammed 4 | . . . . . 4 Kicked . | . . . . . . Crushed . | . . . . . . Highest Temperature 162 | . 12 18 162 74 102 Average Temperature 55 | . 8 7 106 38 48 Received Heat Transfer 714 | . 24 198 . 18 474 Siege Activations . | . . . . . . Martial Activations . | . . . . . . Shielding Activations . | . . . . . . Robots Disrupted . | . . . . . . Combat Hostiles . | . . . . . . Robots Corrupted 1 | . . . . . 1 Combat Hostiles 1 | . . . . . 1 Parts Fried . | . . . . . . Impact Corruptions . | . . . . . . Robots Melted . | . . . . . . Combat Hostiles . | . . . . . . Parts Melted . | . . . . . . Heat Transferred 200 | . . . 50 50 100 Parts Sabotaged . | . . . . . . Parts Stolen . | . . . . . . Parts Stripped . | . . . . . . Power Chain Reactions 2 | . . . . . 2 Alert | -11 -10 -9 -9 -8 -7 ------- Run | Yrd Mat Mat Min Mat Fac Maximum Alert Level . | . . . . . . Low Security (%) 100 | 100 100 100 100 100 100 Level 1 . | . . . . . . Level 2 . | . . . . . . Level 3 . | . . . . . . Level 4 . | . . . . . . Level 5 . | . . . . . . High Security . | . . . . . . Max Security . | . . . . . . Peak Influence 89 | . 25 50 73 56 89 Initial 24 | . . 1 11 24 20 Average 16 | . 7 11 52 39 18 Influence Increases 566 | . 45 146 72 52 251 Destroy 0b10 Robot/C 280 | . 20 80 60 20 100 Destroy Leader 60 | . . 20 10 10 20 Successful Hack 20 | . 10 . . 5 5 Destroy Structure 11 | . . 1 2 2 6 Partial Spotted 30 | . . 15 . 15 . Lose Combat Pursuer 165 | . 15 30 . . 120 Influence Decreases 477 | . 40 121 39 69 208 Entered New Map 88 | . . 4 19 39 26 Time Decay 369 | . 40 97 20 30 182 Lost Part 20 | . . 20 . . . Squads Dispatched 7 | . 1 1 . . 5 Investigation 1 | . . . . . 1 Extermination 2 | . . . . . 2 Reinforcement 4 | . 1 1 . . 2 Assault . | . . . . . . Garrison . | . . . . . . Intercept . | . . . . . . Searches Triggered . | . . . . . . Construction Impeded . | . . . . . . Haulers Reinforced . | . . . . . . Active Scanning Responses . | . . . . . . Cargo Convoy Interrupts . | . . . . . . Stealth | -11 -10 -9 -9 -8 -7 --------- Run | Yrd Mat Mat Min Mat Fac Distress Signals 4 | . 1 2 . . 1 Communications Jammed . | . . . . . . Distress Signals . | . . . . . . Times Spotted 53 | . 6 19 3 2 23 Peak Tracking Total 13 | . 4 13 3 2 9 Tactical Retreats 6 | . 1 2 . . 3 Traps | -11 -10 -9 -9 -8 -7 ------- Run | Yrd Mat Mat Min Mat Fac Traps Triggered 3 | . . . . . 3 Indirectly . | . . . . . . Trap Hack Attempts . | . . . . . . Triggered . | . . . . . . Disarmed . | . . . . . . Reprogrammed . | . . . . . . Reused . | . . . . . . Traps Extracted . | . . . . . . Installed . | . . . . . . Triggered . | . . . . . . Machines | -11 -10 -9 -9 -8 -7 ---------- Run | Yrd Mat Mat Min Mat Fac Machines Disabled . | . . . . . . Max in Single Turn . | . . . . . . Machines Repaired . | . . . . . . Machines Dismantled . | . . . . . . Machines Sabotaged . | . . . . . . Overloaded Fab Kills . | . . . . . . Hacking | -11 -10 -9 -9 -8 -7 --------- Run | Yrd Mat Mat Min Mat Fac Machines Accessed 12 | . 2 5 . 2 3 Terminals 9 | . 2 3 . 2 2 Fabricators . | . . . . . . Repair Stations 1 | . . 1 . . . Recycling Units . | . . . . . . Scanalyzers 1 | . . 1 . . . Garrison Access 1 | . . . . . 1 Total Hacks 21 | . 2 11 . 3 5 Successful 11 | . 2 6 . 2 1 Failed 10 | . . 5 . 1 4 Catastrophic 3 | . . 1 . . 2 Database Lockouts . | . . . . . . Manual 3 | . . 2 . . 1 Terminals 13 | . 2 6 . 3 2 Fabricators . | . . . . . . Repair Stations 1 | . . 1 . . . Recycling Units . | . . . . . . Scanalyzers 4 | . . 4 . . . Garrison Access 3 | . . . . . 3 Terminal Hacks 8 | . 2 3 . 2 1 Locate Traps 1 | . . 1 . . . Zone Layout 7 | . 2 2 . 2 1 Fabricator Hacks . | . . . . . . Repair Station Hacks 1 | . . 1 . . . Scan Component 1 | . . 1 . . . Recycling Unit Hacks . | . . . . . . Scanalyzer 2 | . . 2 . . . Insert Component 1 | . . 1 . . . Analyze 1 | . . 1 . . . Garrison Access Hacks . | . . . . . . Unauthorized Hacks . | . . . . . . Terminals . | . . . . . . Fabricators . | . . . . . . Repair Stations . | . . . . . . Recycling Units . | . . . . . . Scanalyzers . | . . . . . . Garrison Access . | . . . . . . Data Cores Recovered . | . . . . . . Used . | . . . . . . Hacking Detections 9 | . . 4 . 2 3 Full Trace Events 1 | . . . . . 1 Feedback Events . | . . . . . . Feedback Blocked . | . . . . . . Robot Schematics Acquired . | . . . . . . Robots Built . | . . . . . . Authchips . | . . . . . . Time . | . . . . . . Total Robot Build Rating . | . . . . . . Part Schematics Acquired 1 | . . 1 . . . Parts Built . | . . . . . . Authchips . | . . . . . . Time . | . . . . . . Total Part Build Rating . | . . . . . . Part Studies Acquired . | . . . . . . Parts Repaired . | . . . . . . Time . | . . . . . . Parts Recycled . | . . . . . . Recycled Matter . | . . . . . . Retrieved Matter . | . . . . . . Retrieved Components . | . . . . . . Parts Scanalyzed 1 | . . 1 . . . Part Schematics Acquired 1 | . . 1 . . . Parts Damaged . | . . . . . . Bothacking | -11 -10 -9 -9 -8 -7 ------------ Run | Yrd Mat Mat Min Mat Fac Used RIF Installer . | . . . . . . Robots Hacked . | . . . . . . Non-combat . | . . . . . . Combat . | . . . . . . Robot Hacks Applied . | . . . . . . Relay Couplers Released . | . . . . . . Fabnet Peak Effective % . | . . . . . . Robots Rewired . | . . . . . . Allies Hacked . | . . . . . . Hacks Repelled . | . . . . . . Allies | -11 -10 -9 -9 -8 -7 -------- Run | Yrd Mat Mat Min Mat Fac Total Allies . | . . . . . . Largest Group . | . . . . . . Highest-Rated Group . | . . . . . . Highest-Rated Ally . | . . . . . . Total Orders . | . . . . . . Ally Attacks . | . . . . . . Total Damage . | . . . . . . Kills . | . . . . . . Allies Corrupted . | . . . . . . Allies Melted . | . . . . . . Intel | -11 -10 -9 -9 -8 -7 ------- Run | Yrd Mat Mat Min Mat Fac Active Infowar (turns) 164 | . 119 45 . . . Structural 164 | . 119 45 . . . Robot Analysis Total . | . . . . . . Derelict Logs Recovered . | . . . . . . Drone Launches . | . . . . . . Drone Recoveries . | . . . . . . Exploration | -11 -10 -9 -9 -8 -7 ------------- Run | Yrd Mat Mat Min Mat Fac Turns Passed 1363 | 80 142 370 53 61 657 Spaces Moved 1606 | 61 92 327 109 134 883 Core 200 | 8 . . . . 192 Treads 217 | . . . . . 217 Legs 268 | 53 92 123 . . . Wheels . | . . . . . . Hover . | . . . . . . Flight 921 | . . 204 109 134 474 Fastest Speed 26 | 50 120 26 26 26 26 Average Speed 65 | 110 120 65 26 26 67 Slowest Speed 515 | 120 120 515 26 26 160 Overloaded Moves . | . . . . . . Propulsion Burnouts . | . . . . . . Robots Hopped 7 | . . 5 . . 2 Potential Cave-ins . | . . . . . . Cave-ins Triggered . | . . . . . . Exploration Rate (%) 20 | 4 24 32 20 16 26 Regions Visited 5 Branch Regions 1 Pre-discovered Areas . | . . . . . . Known Exits Taken . | . . . . . . Unknown Exits Taken 5 | 1 1 1 1 1 . Scrap Searched . | . . . . . . Spaces Dug 1 | . . . . 1 . Terrain Destroyed 11 | . . . 2 2 7 Melee . | . . . . . . Projectile 4 | . . . 2 2 . AOE 7 | . . . . . 7 Terrain Rammed . | . . . . . . Walls Destroyed . | . . . . . . Machines Disabled . | . . . . . . Actions | -11 -10 -9 -9 -8 -7 --------- Run | Yrd Mat Mat Min Mat Fac Total 1801 | 71 114 426 116 149 925 Wait 56 | . 14 32 . . 10 Move 1588 | 60 91 317 108 133 879 Hop 6 | . . 4 . . 2 Pick Up 29 | 5 3 13 . 4 4 Fast Attach 21 | 5 1 8 . 1 6 Attach 13 | 1 . 6 . . 6 Detach 1 | . . 1 . . . Swap 2 | . . 1 . . 1 Drop 21 | . . 14 . 5 2 Fire 60 | . 5 30 8 6 11 Melee . | . . . . . . Ram 4 | . . . . . 4 Kick . | . . . . . . Crush . | . . . . . . Escape Stasis . | . . . . . . Rewire . | . . . . . . Trap . | . . . . . . Miscellaneous . | . . . . . . Route ------- -11/Scrapyard -10/Materials -9/Materials -9/Mines -8/Materials -7/Factory History --------- Turn | Location | Event 3 | -11/Scrapyard | Discovered new exit (range 15) 81 | -11/Scrapyard | Entered Materials 202 | -10/Materials | Discovered new exit (range 15) 223 | -10/Materials | Entered another Materials area 223 | -9/Materials | Evolved 2 slots: Propulsion x2 310 | -9/Materials | Build established: Mutant 393 | -9/Materials | Lost 4 parts (3n1u) 589 | -9/Materials | Discovered new exit (range 11) 593 | -9/Materials | Entered Mines 644 | -9/Mines | Discovered new exit (range 6) 646 | -9/Mines | Entered Materials 646 | -8/Materials | Evolved 2 slots: Propulsion x1, Utility x1 703 | -8/Materials | Discovered new exit (range 16) 707 | -8/Materials | Entered Factory 707 | -7/Factory | Evolved 2 slots: Propulsion x1, Utility x1 1144 | -7/Factory | Released all parts (8) 1174 | -7/Factory | Lost 4 parts (1p1n2w) 1202 | -7/Factory | Allied Derelicts emerged from ambush trap array 1310 | -7/Factory | Core integrity fell below 50% 1331 | -7/Factory | Core integrity fell below 20% 1364 | -7/Factory | Destroyed by Y-54 Guardian with Flak Gun Last Messages --------------- K-01 Serf cleans the Nuclear Reactor. K-01 Serf cleans the DSF Access. K-01 Serf cleans the Nuclear Reactor. C-30 ARC bursts open, deploying its payload. S-27 Virus unfolds itself. K-01 Serf cleans the Nuclear Reactor. Slug penetrates Nuclear Reactor. K-01 Serf cleans the Fabricator. O-24 Administrator: "IFF HANDSHAKE FAILED. SECURING TERMINAL." O-24 Administrator uses terminal to summon reinforcements. ALERT: Hostiles spotted, dispatching reinforcements to Terminal F001. O-24 Administrator locks terminal. Penetrated by Slug. Slammed into R-06 Scavenger. ALERT: Potential suspicious activity detected, Programmers report to Factory Zone 7X. Slammed into R-06 Scavenger. Map ----- +----------------------------------------------------+ | ?????????????????????????????????????????????????? | | ?????????????????????????????????????????????????? | | ?????????????????????????????????????????????????? | | ?????????????????????????????????????????????????? | | ?????????????????????????????????????????????????? | | ?????????????????????????????????????????????????? | | ?????????????????????????????????????????????????? | | ?????????????????????????????????????????????????? | | ?????????????????????????????????????????????????? | | #####????????????????????????????????????????????? | | ????????????????? ???????????????????????????? | | ??????????????? ??????????????????????????? | | ???????????? ?????????????????????????? | | ??????????? Y ?????????????????????????? | | ??????????? ?????????????????????????? | | #????????????# ?????????????????????????? | | #????????????# aw ?????????????????????????? | | #?????????????# #?????????????????????????? | | #?????????????# ####+###########??????????? | | #?????????????# wk ??????????? | | #?????????????# ??????????? | | #?????????????+ r ?????????? | | +#####?????????# ?????????? | | #?????????# ????????? | | #?????????# ????????? | | ! #?????????# @ k ????????? | | #?????????# ####+######???????????????? | | #?????????# #?????????????????????????? | | #?????????# #?????????????????????????? | | "" #?????????# #?????????????????????????? | | "" #?????????# #?????????????????????????? | | """ #?????????# #?????????????????????????? | | """ #?????????# #?????????????????????????? | | """ #?????????# #?????????????????????????? | | #?????????# ^ #?????????????????????????? | | ###########????# #?????????????????????????? | | # ###### #?????????????????????????? | | # ]] ! / #?????????????????????????? | | # ]! ######+## #?????????????????????????? | | # [ !#???! # #?????????????????????????? | | ##+########? # #?????????????????????????? | | % #?????# """ # #?????????????????????????? | | #?????# """ # #?????????????????????????? | | " #?????# """ + #?????????????????????????? | | #?????# ######?????????????????????????? | | #?????########??????????????????????????????? | | ######???????????????????????????????????????????? | | ?????????????????????????????????????????????????? | | ?????????????????????????????????????????????????? | | ?????????????????????????????????????????????????? | +----------------------------------------------------+ Best States ------------- Heat Dissipation 48 Energy Generation 14 Energy Capacity 280 Matter Stores 300 Matter Capacity 300 Sight Range 16 Terrain Scan Density 10 Armor Coverage 225 Weapon Cycling 15 Evasion (%) 64 Core Analysis 6 Recoil Reduction 2 Item Schematics ----------------- Hvy. Ion Engine | -9/Materials | Scanalyzed Robot Schematics ------------------ None Fabricated ------------ Nothing Repaired ---------- Nothing Studied --------- None Alien Tech Used ----------------- None Achievements -------------- Power Corrupts Challenges ------------ None Game ------ Seed JammingArmoredMeganuke Manual? 0 Play Time 00:31:24 Cumulative 5.7 hours Start 2026.01.14 @ 17:42:02 End 2026.01.14 @ 19:46:40 Sessions 1 Manual Loads 0 Difficulty Rogue Special Mode None Game No. 11 Rogue 11 Adventurer 0 Explorer 0 Win Type - Total 0 Types 0/0/0/0/0/0/0/0/0/0 Lore% 8 Gallery% 12 Achievement% 12 Wizard Run 0 Options --------- Layout 1 ASCII 0 Keyboard 0 Movement Mouse Keybinds 0 Fullscreen 0 Font 36/Terminus Map View 50x35 Zoom Use 0% Tactical HUD 0 Map Filters NONE Filters NONE Steam 1 RUN: 3ab112d2-7a87-47ab-9ecd-358b86531cb7